 Dungeon Crawl Stone Soup version 0.30.0-3-ga4e48a9924 (webtiles) character file.

Game seed: 15500720734674886575

1148 Irreverend the Destroyer (level 8, -4/41 HPs)
             Began as a Deep Elf Conjurer on May 7, 2023.
             Slain by an orc warrior
             ... wielding a +1 battleaxe of electrocution
              (9 damage)
             ... on level 5 of the Dungeon.
             The game lasted 00:16:05 (4457 turns).

Irreverend the Destroyer (Deep Elf Conjurer)        Turns: 4457, Time: 00:16:05

Health: -4/41      AC:  2    Str:  4    XL:     8   Next: 15%
Magic:  13/15      EV: 12    Int: 26    God:
Gold:   212        SH:  0    Dex: 13    Spells: 4/14 levels left

rFire   . . .        (no weapon)
rCold   . . .        (no shield)
rNeg    . . .        a - +0 robe
rPois   .            (no helmet)
rElec   .            (no cloak)
rCorr   .            (no gloves)
SInv    .            (no boots)
Will    .....        g - amulet of magic regeneration
Stlth   ++           (no ring)
HPRegen 0.26/turn    (no ring)
MPRegen 0.54/turn

%: no passive effects
@: no status effects
A: no striking features
a: no special abilities


You were on level 5 of the Dungeon.
You visited 1 branch of the dungeon, and saw 5 of its levels.

You collected 212 gold pieces.

Inventory:

Armour
 a - a +0 robe (worn)
Jewellery
 g - an amulet of magic regeneration (around neck)
 q - a ring of willpower
 s - a +6 ring of strength
 u - a +6 ring of intelligence
Wands
 t - a wand of digging (2)
Scrolls
 c - 2 scrolls of brand weapon {unknown}
 d - a scroll of noise {unknown}
 e - a scroll of poison {unknown}
 h - 2 scrolls of teleportation {unknown}
 i - 6 scrolls of identify {unknown}
 o - a scroll of enchant armour {unknown}
 p - a scroll of vulnerability {unknown}
Potions
 b - 2 potions of magic
 f - 3 potions of degeneration {unknown}
 j - a potion of lignification {unknown}
 k - a potion of resistance {unknown}
 l - a potion of ambrosia {unknown}
 m - a potion of curing {unknown}
 n - 2 potions of brilliance
 r - a potion of invisibility {unknown}


   Skills:
 - Level 2.4 Dodging
 - Level 2.4 Stealth
 - Level 3.8 Spellcasting
 + Level 8.8 Conjurations
 + Level 8.3 Hexes


You had 4 spell levels left.
You knew the following spells:

 Your Spells              Type           Power      Damage    Failure   Level
a - Magic Dart            Conj           100%       1d8       1%          1
b - Searing Ray           Conj           100%       2d8       1%          2
c - Dazzling Flash        Conj/Hex       98%        N/A       1%          3
d - Fulminant Prism       Conj/Hex       24%        3d12      2%          4

Your spell library contained the following spells:

 Spells                   Type           Power      Damage    Failure   Level
 Iskenderun's Mystic Bla  Conj/Tloc      28%        2d7       14%         4
 Anguish                  Hex/Necr       13%        N/A       16%         4
 Enfeeble                 Hex            24%        N/A       93%         7


Dungeon Overview and Level Annotations

Branches:
Dungeon (5/15)
 Temple: D:4-7

Altars:
Cheibriados
Fedhas
Gozag
Makhleb

Shops:
D:3 :

Annotations:
D:4 3 runed translucent doors, Inkenn's ghost, amateur OgFi; NinjaNoafa's ghost, amateur OpCj; jimonade's ghost, novice HuMo


Message History

Aiming: Fulminant Prism (dangerous; 2% risk of failure)
Press: ? - help, Dir - move target You conjure a prism of explosive energy!
A fulminant prism comes into view.
Your fulminant prism crackles loudly.
Your fulminant prism explodes!
The blast of energy engulfs the orc warrior!
The orc warrior is heavily wounded.
The blast of energy engulfs the plant!!
The plant begins to die.
The plant is lightly damaged.
The blast of energy engulfs the plant!!
The plant begins to die.
The plant is lightly damaged.
Casting: Fulminant Prism (dangerous; 2% risk of failure)
Confirm with . or Enter, or press ? or * to list all spells.
Casting: Dazzling Flash (safe; 1% risk of failure)
Press: ? - help, Dir - look around, f - activate The orc warrior is dazzled.
Casting: Dazzling Flash (safe; 1% risk of failure)
Confirm with . or Enter, or press ? or * to list all spells.
Aiming: Searing Ray (safe; 1% risk of failure)
Press: ? - help, Shift-Dir - straight line, f - orc warrior
Aim: an orc warrior, wielding a +1 battleaxe of electrocution and wearing a +0 chain mail (heavily wounded, blind, 81% to hit)
The searing ray hits the orc warrior.
The orc warrior is severely wounded. (Press . to maintain the ray.)
The orc warrior hits you with a +1 battleaxe of electrocution!
The searing ray hits the orc warrior but does no damage.
The orc warrior is severely wounded.
The orc warrior hits you with a +1 battleaxe of electrocution!
You are electrocuted!
The searing ray hits the orc warrior!
The orc warrior is almost dead.
The orc warrior hits you with a +1 battleaxe of electrocution!
* * * LOW HITPOINT WARNING * * *
You enter the shallow water.
Moving in this stuff is going to be slow.
The orc warrior is no longer blind.
The orc warrior attacks as you move away!
The orc warrior hits you with a +1 battleaxe of electrocution!
You die...

####..#
#.......#.#..#######.#
......# ######..###..#
#.# ####.##
#####.......# #.#
.....# #.#....###.##
#.# .....#
###.#.#......# #.#
.....#
#.....###############.#
####.#
###...................#
####.#
#####################
.....### ##.o@.~~~~## #
.......##
##~########.## ######
....##..# #~##
o.~.≈##.# #.....
....###.# #~# .P..≈S#.#
#..... ....# #.# #~#
...P.?S#.# #..### .####
#.# #.#'..P~.≈S#~#
#..'_' .# #.####..#
.~~.≈##~## #..###
.######....##.#
########~###.....
............#~~#
..S$S##~####...


You could see an orc warrior.

Vanquished Creatures
  Eustachio (D:4)
  Menkaure (D:5)
  A black bear (D:5)
  An ice beast (D:5)
  An ogre (D:5)
  Blork the orc (D:5)
  4 hounds
  An orc priest (D:5)
  Ijyb (D:5)
  2 iguanas
  Natasha (thrice) (D:2)
  4 orc wizards (D:5)
  8 gnolls
  5 adders
  4 worms
  2 dart slugs
  8 orcs
  5 ball pythons
  7 endoplasms
  3 giant cockroaches
  2 goblins
  6 hobgoblins
  6 jackals
  8 kobolds
  6 quokkas
  7 bats
  4 frilled lizards (D:1)
  6 rats
108 creatures vanquished.

Vanquished Creatures (others)
  16 fulminant prisms (D:5)
  10 plants
  4 withered plants (D:4)
30 creatures vanquished.

Grand Total: 138 creatures vanquished

Notes
Turn   | Place    | Note
-------+----------+-------------------------------------------
     0 | D:1      | Irreverend the Deep Elf Conjurer began the quest for the
                  | Orb.
     0 | D:1      | Reached XP level 1. HP: 10/10 MP: 6/6
   199 | D:1      | Reached XP level 2. HP: 15/15 MP: 2/8
   307 | D:1      | Learned a level 2 spell: Searing Ray
   367 | D:1      | Reached skill level 5 in Conjurations
   453 | D:1      | You fall into a shaft and drop 1 floor!
   541 | D:1      | Reached XP level 3. HP: 19/19 MP: 6/10
  1051 | D:2      | Found a blossoming altar of Fedhas.
  1253 | D:2      | Reached XP level 4. HP: 24/24 MP: 8/11
  1338 | D:2      | Noticed Natasha
  1342 | D:2      | Killed Natasha
  1439 | D:2      | Noticed Natasha
  1443 | D:2      | Killed Natasha
  1444 | D:2      | Reached XP level 5. HP: 28/28 MP: 9/12
  1793 | D:2      | Noticed Natasha
  1796 | D:2      | Killed Natasha
  1915 | D:2      | Learned a level 3 spell: Dazzling Flash
  1978 | D:3      | Found Taupue Ixory's Book Boutique.
  2085 | D:3      | Reached skill level 1 in Hexes
  2280 | D:3      | Learned a level 4 spell: Fulminant Prism
  2694 | D:4      | Found a snail-covered altar of Cheibriados.
  2795 | D:4      | Found a burning altar of Makhleb.
  2799 | D:4      | Reached XP level 6. HP: 32/32 MP: 11/13
  2819 | D:4      | Noticed Eustachio
  2844 | D:4      | Killed Eustachio
  3080 | D:4      | Found a runed translucent gate.
  3080 | D:4      | Found a runed translucent gate.
  3080 | D:4      | Found a runed translucent gate.
  3084 | D:4      | Noticed Inkenn's ghost (amateur OgFi)
  3084 | D:4      | Noticed NinjaNoafa's ghost (amateur OpCj)
  3085 | D:4      | Noticed jimonade's ghost (novice HuMo)
  3532 | D:5      | Entered Level 5 of the Dungeon
  3653 | D:5      | Noticed an ice beast
  3673 | D:5      | Killed an ice beast
  3674 | D:5      | Reached skill level 5 in Hexes
  3674 | D:5      | Reached XP level 7. HP: 36/36 MP: 9/14
  3760 | D:5      | Noticed Menkaure
  3767 | D:5      | Killed Menkaure
  3866 | D:5      | Found an opulent altar of Gozag.
  4019 | D:5      | Noticed Blork the orc
  4032 | D:5      | Killed Blork the orc
  4033 | D:5      | Reached XP level 8. HP: 24/41 MP: 8/15
  4305 | D:5      | Noticed Ijyb
  4311 | D:5      | Killed Ijyb
  4448 | D:5      | HP: 2/41 [orc warrior/+1 battleaxe of electrocution (14)]
  4457 | D:5      | Slain by an orc warrior

Illustrated notes

Levels and vault maps discovered:
D:1:      roderic_crop_circles_arrival_small, layout_loops_ring
D:2:      layout_basic, basic_altar, kennysheep_big_empty_room,
          grunt_decor_arrowhead, chequers_serial_rivers_room_a,
          minmay_split_cup_small, uniq_natasha
D:3:      layout_basic, serial_shops, nicolae_book_shop_shelving, st_stairs_4,
          ebering_dispersal_statue_hall, corexii_item_surrounded_by_moat
D:4:      layout_basic, slow_altar_1, mainiacjoe_overflow_surrounded_room,
          gammafunk_ghost_cemetery, uniq_eustachio
D:5:      cheibrodos_two_vegetables, layout_basic, xom_butterflies,
          kennysheep_mini_moat, uniq_blork_the_orc, uniq_ijyb, uniq_menkaure

Skill      XL: |  1  2  3  4  5  6  7  8 |
---------------+-------------------------+-----
Conjurations   | 5 6 7 8 |  8.8
Hexes          | 2 5 7 8 |  8.3
Dodging        | |  2.4
Stealth        | |  2.4
Spellcasting   | |  3.8

Action                     |  1- 3 |  4- 6 |  7- 9 || total
---------------------------+-------+-------+-------++-------
  Melee: Unarmed           |     1 |       |       ||     1
   Cast: Magic Dart        |    40 |    83 |     8 ||   131
         Searing Ray       |     8 |    24 |     7 ||    39
         Dazzling Flash    |       |     1 |     1 ||     2
         Fulminant Prism   |       |     2 |    14 ||    16
 Armour: Robe              |     1 |     5 |       ||     6
  Dodge: Dodged            |     1 |    37 |       ||    38
